Wild vs RedWings

Created - March 5 2011 at 11:18

Goals
1 2 3 T
Wild 0 2 0 2
RedWings 0 1 0 1
Shots
1 2 3 T
Wild 6 13 11 30
RedWings 4 6 7 17

Period #1

No Goal

Penalties :
Alexei Ponikarovsky (MIN) for Tripping (Minor) at 2:42, Mark Eaton (MIN) for Cross-checking (Minor) at 4:59, Nate Thompson (DET) for Elbowing (Minor) at 7:33, Colin White (DET) for Roughing (Minor) at 13:45, Joe Pavelski (MIN) for Hooking (Minor) at 17:05

Period #2

1. Wild , Ryan Whitney 6 (Martin St. Louis, Joe Pavelski) at 3:38 (PP)
2. Wild , Olli Jokinen 9 (Brian Willsie, Robert Lang) at 4:17 (PP)
3. RedWings , Ray Whitney 16 (Brett Clark, Jean-Pierre Dumont) at 13:36 (PP)

Penalties :
Travis Zajac (DET) for Roughing (Minor) at 0:39, Keith Yandle (DET) for Boarding (Major) at 0:54, Daniel Alfredsson (MIN) for Hooking (Minor) at 6:52, Michal Rozsival (MIN) for Hooking (Minor) at 9:42, Stephane Yelle (MIN) for Roughing (Minor) at 12:16, Brendan Witt (DET) for Hooking (Minor) at 15:46, Michal Rozsival (MIN) for Roughing (Minor) at 16:50

Period #3

No Goal

Penalties :
Alexei Ponikarovsky (MIN) for Hooking (Minor) at 0:29, Travis Zajac (DET) for Hooking (Minor) at 3:19, Aaron Ward (MIN) for Hooking (Minor) at 7:09, Matt Moulson (DET) for High sticking (Minor) at 9:03, Stephane Yelle (MIN) for Tripping (Minor) at 11:06, Colin White (DET) for Hooking (Minor) at 16:04

Goalie Stats

Ilya Bryzgalov (MIN), 16 saves from 17 shots - (0.941), W, 35-22-5, 60:00 minutes
Craig Anderson (DET), 28 saves from 30 shots - (0.933), L, 40-21-7, 59:32 minutes

Players Stats

Wild
Player Name              G  A  P  +/- PIM S  H  SB FO    MP 
------------------------------------------------------------
Aaron Ward               0  0  0   0  2   0  0  0  0/0   6  
Alexei Ponikarovsky      0  0  0   0  4   3  3  0  0/2   15 
Brian Willsie            0  1  1   0  0   0  0  0  0/0   14 
Chris Drury              0  0  0   0  0   1  0  1  14/21 20 
Daniel Alfredsson        0  0  0   0  2   2  0  1  1/3   20 
Freddy Meyer             0  0  0   0  0   0  0  0  0/0   19 
Jan Hejda                0  0  0   0  0   0  0  2  0/0   21 
Jay Leach                0  0  0   0  0   0  0  0  0/0   2  
Joe Pavelski             0  1  1   0  2   7  2  0  12/22 21 
Mark Eaton               0  0  0   0  2   1  0  1  0/0   21 
Martin St. Louis         0  1  1   0  0   5  0  0  1/1   20 
Michal Rozsival          0  0  0   0  4   2  1  4  0/0   22 
Milan Hejduk             0  0  0   0  0   3  1  0  0/0   17 
Olli Jokinen             1  0  1   0  0   2  1  0  6/11  10 
Rob Niedermayer          0  0  0   0  0   0  2  0  4/12  14 
Robert Lang              0  1  1   0  0   0  0  0  1/1   4  
Ryan Whitney             1  0  1   0  0   2  0  0  0/0   22 
Stephane Yelle           0  0  0   0  4   2  0  0  0/0   13 
RedWings
Player Name              G  A  P  +/- PIM S  H  SB FO    MP 
------------------------------------------------------------
Brendan Witt             0  0  0   0  2   0  1  0  0/0   12 
Brett Clark              0  1  1   0  0   2  0  0  0/0   21 
Brian Campbell           0  0  0   0  0   0  0  2  0/0   20 
Colin White              0  0  0   0  4   0  2  2  0/0   19 
Jean-Pierre Dumont       0  1  1   0  0   2  0  0  0/1   17 
Joe Callahan             0  0  0   0  0   0  0  0  0/0   0  
Keith Yandle             0  0  0   0  5   0  0  0  0/0   20 
Kris Draper              0  0  0   0  0   0  3  0  1/2   12 
Marty Reasoner           0  0  0   0  0   2  0  2  12/20 17 
Matt Moulson             0  0  0   0  2   0  0  0  1/2   11 
Mike Cammalleri          0  0  0   0  0   1  1  0  3/4   18 
Nate Thompson            0  0  0   0  2   1  2  0  2/8   15 
Paul Martin              0  0  0   0  0   0  0  3  0/0   21 
Pavol Demitra            0  0  0   0  0   0  0  1  0/0   3  
Ray Whitney              1  0  1   0  0   4  0  0  1/1   18 
Ryan Getzlaf             0  0  0   0  0   1  1  0  5/17  16 
Travis Zajac             0  0  0   0  4   2  2  1  9/15  18 
Zach Parise              0  0  0   0  0   2  0  0  0/3   21 

3 Stars

1 - Ilya Bryzgalov (MIN)
2 - Olli Jokinen (MIN)
3 - Craig Anderson (DET)

Power Play

Wild - 2 on 8 Attempt(s) - 25.00%
RedWings - 1 on 10 Attempt(s) - 10.00%

Penalty Kill

Wild - 9 on 10 Attempt(s) - 90.00% - Score 0 goal in Penalty Kill
RedWings - 6 on 8 Attempt(s) - 75.00% - Score 0 goal in Penalty Kill

Game Notes

No Game Note

Finance

Level 1 -- Attendance: 6500 (100.00%) -- Ticket Income $520,000.00
Level 2 -- Attendance: 4875 (97.50%) -- Ticket Income $219,375.00
Level 3 -- Attendance: 3500 (100.00%) -- Ticket Income $105,000.00
Level 4 -- Attendance: 3032 (74.57%) -- Ticket Income $45,480.00
Luxury Box -- Attendance: 1000 (100.00%) -- Ticket Income $150,000.00
Game was played at the Joe Louis Arena
Total Attendance: 18907 (94.22%)
Total Ticket Income: $1,048,822.00
Other Income: $210,640.20
Total Income: $1,259,462.00


Play by Play

Period #1

0:01 of 1st period - Travis Zajac wins face-off versus Chris Drury in neutral zone.
0:09 of 1st period - Chris Drury is hit by Colin White and loses puck.
1:04 of 1st period - Shot by Joe Pavelski.
1:04 of 1st period - Stopped by Craig Anderson with a rebound.
1:08 of 1st period - Shot by Joe Pavelski.
1:08 of 1st period - Shot Misses the Net.
1:10 of 1st period - Shot by Ryan Whitney.
1:10 of 1st period - Stopped by Craig Anderson without a rebound.
1:11 of 1st period - Rob Niedermayer wins face-off versus Ryan Getzlaf in RedWings zone.
1:55 of 1st period - Icing by Stephane Yelle.
1:56 of 1st period - Marty Reasoner wins face-off versus Rob Niedermayer in Wild zone.
2:03 of 1st period - Shot by Marty Reasoner.
2:03 of 1st period - Stopped by Ilya Bryzgalov without a rebound.
2:04 of 1st period - Joe Pavelski wins face-off versus Nate Thompson in Wild zone.
2:04 of 1st period - Joe Pavelski is hit by Kris Draper.
2:13 of 1st period - Michal Rozsival is hit by Nate Thompson and loses puck.
2:33 of 1st period - Ryan Whitney is hit by Nate Thompson and loses puck.
2:37 of 1st period - Off-side.
2:38 of 1st period - Chris Drury wins face-off versus Ryan Getzlaf in neutral zone.
2:42 of 1st period - Minor Penalty to Alexei Ponikarovsky for Tripping.
2:43 of 1st period - Chris Drury wins face-off versus Zach Parise in Wild zone.
3:08 of 1st period - Shot by Mike Cammalleri.
3:08 of 1st period - Shot Blocked by Chris Drury.
3:10 of 1st period - Shot by Brian Campbell.
3:10 of 1st period - Shot Misses the Net.
3:12 of 1st period - Shot by Brian Campbell.
3:12 of 1st period - Shot Blocked by Mark Eaton.
3:48 of 1st period - Shot by Ray Whitney.
3:48 of 1st period - Shot Blocked by Michal Rozsival.
3:50 of 1st period - Shot by Brett Clark.
3:50 of 1st period - Shot Blocked by Michal Rozsival.
3:52 of 1st period - Shot by Ray Whitney.
3:52 of 1st period - Stopped by Ilya Bryzgalov with a rebound.
4:59 of 1st period - Minor Penalty to Mark Eaton for Cross-checking.
5:00 of 1st period - Travis Zajac wins face-off versus Chris Drury in Wild zone.
5:01 of 1st period - Shot by Brett Clark.
5:01 of 1st period - Shot Misses the Net.
5:20 of 1st period - Shot by Jean-Pierre Dumont.
5:20 of 1st period - Stopped by Ilya Bryzgalov without a rebound.
5:21 of 1st period - Travis Zajac wins face-off versus Daniel Alfredsson in Wild zone.
6:12 of 1st period - Off-side.
6:13 of 1st period - Chris Drury wins face-off versus Ryan Getzlaf in neutral zone.
6:26 of 1st period - Joe Pavelski is hit by Ryan Getzlaf and loses puck.
7:33 of 1st period - Minor Penalty to Nate Thompson for Elbowing.
7:34 of 1st period - Marty Reasoner wins face-off versus Joe Pavelski in RedWings zone.
7:40 of 1st period - Icing by Milan Hejduk.
7:41 of 1st period - Ray Whitney wins face-off versus Joe Pavelski in Wild zone.
7:59 of 1st period - Off-side.
8:00 of 1st period - Marty Reasoner wins face-off versus Olli Jokinen in neutral zone.
9:03 of 1st period - Shot by Joe Pavelski.
9:03 of 1st period - Stopped by Craig Anderson without a rebound.
9:04 of 1st period - Mike Cammalleri wins face-off versus Joe Pavelski in RedWings zone.
9:16 of 1st period - Icing by Joe Pavelski.
9:17 of 1st period - Marty Reasoner wins face-off versus Joe Pavelski in Wild zone.
9:28 of 1st period - Shot by Joe Pavelski.
9:28 of 1st period - Stopped by Craig Anderson with a rebound.
9:32 of 1st period - Shot by Martin St. Louis.
9:32 of 1st period - Stopped by Craig Anderson without a rebound.
9:33 of 1st period - Marty Reasoner wins face-off versus Rob Niedermayer in RedWings zone.
9:55 of 1st period - Shot by Rob Niedermayer.
9:55 of 1st period - Shot Blocked by Paul Martin.
9:57 of 1st period - Shot by Aaron Ward.
9:57 of 1st period - Shot Misses the Net.
9:59 of 1st period - Shot by Brian Willsie.
9:59 of 1st period - Shot Misses the Net.
10:03 of 1st period - Shot by Rob Niedermayer.
10:03 of 1st period - Shot Misses the Net.
10:38 of 1st period - Shot by Chris Drury.
10:38 of 1st period - Shot Misses the Net.
10:40 of 1st period - Shot by Chris Drury.
10:40 of 1st period - Shot Misses the Net.
11:11 of 1st period - Shot by Joe Pavelski.
11:11 of 1st period - Stopped by Craig Anderson without a rebound.
11:12 of 1st period - Joe Pavelski wins face-off versus Travis Zajac in RedWings zone.
11:28 of 1st period - Milan Hejduk is hit by Colin White and loses puck.
12:11 of 1st period - Ryan Getzlaf is hit by Rob Niedermayer and loses puck.
12:27 of 1st period - Zach Parise is hit by Rob Niedermayer and loses puck.
12:37 of 1st period - Off-side.
12:38 of 1st period - Chris Drury wins face-off versus Zach Parise in neutral zone.
13:45 of 1st period - Minor Penalty to Colin White for Roughing.
13:46 of 1st period - Olli Jokinen wins face-off versus Matt Moulson in RedWings zone.
14:14 of 1st period - Shot by Freddy Meyer.
14:14 of 1st period - Shot Blocked by Pavol Demitra.
15:07 of 1st period - Mark Eaton is hit by Kris Draper and loses puck.
16:23 of 1st period - Stephane Yelle is hit by Travis Zajac and loses puck.
16:42 of 1st period - Icing by Aaron Ward.
16:43 of 1st period - Marty Reasoner wins face-off versus Rob Niedermayer in Wild zone.
16:46 of 1st period - Shot by Matt Moulson.
16:46 of 1st period - Deflect By Marty Reasoner.
16:46 of 1st period - Stopped by Ilya Bryzgalov with a rebound.
16:51 of 1st period - Rob Niedermayer is hit by Brendan Witt and loses puck.
17:02 of 1st period - Shot by Nate Thompson.
17:02 of 1st period - Shot Misses the Net.
17:05 of 1st period - Minor Penalty to Joe Pavelski for Hooking.
17:06 of 1st period - Martin St. Louis wins face-off versus Ryan Getzlaf in Wild zone.

Period #2

0:01 of 2nd period - Chris Drury wins face-off versus Travis Zajac in neutral zone.
0:06 of 2nd period - Shot by Alexei Ponikarovsky.
0:06 of 2nd period - Stopped by Craig Anderson without a rebound.
0:07 of 2nd period - Joe Pavelski wins face-off versus Ryan Getzlaf in RedWings zone.
0:10 of 2nd period - Shot by Joe Pavelski.
0:10 of 2nd period - Stopped by Craig Anderson without a rebound.
0:11 of 2nd period - Travis Zajac wins face-off versus Alexei Ponikarovsky in RedWings zone.
0:39 of 2nd period - Minor Penalty to Travis Zajac for Roughing.
0:40 of 2nd period - Joe Pavelski wins face-off versus Nate Thompson in RedWings zone.
0:47 of 2nd period - Shot by Martin St. Louis.
0:47 of 2nd period - Shot Blocked by Paul Martin.
0:54 of 2nd period - Major Penalty to Keith Yandle for Boarding.
0:55 of 2nd period - Olli Jokinen wins face-off versus Marty Reasoner in RedWings zone.
1:26 of 2nd period - Shot by Alexei Ponikarovsky.
1:26 of 2nd period - Stopped by Craig Anderson with a rebound.
2:37 of 2nd period - Shot by Olli Jokinen.
2:37 of 2nd period - Stopped by Craig Anderson without a rebound.
2:38 of 2nd period - Olli Jokinen wins face-off versus Nate Thompson in RedWings zone.
2:56 of 2nd period - Icing by Daniel Alfredsson.
2:57 of 2nd period - Mike Cammalleri wins face-off versus Alexei Ponikarovsky in Wild zone.
3:36 of 2nd period - Shot by Martin St. Louis.
3:36 of 2nd period - Stopped by Craig Anderson with a rebound.
3:38 of 2nd period - Shot by Ryan Whitney.
3:38 of 2nd period - Goal by Ryan Whitney - Wild : 1 - RedWings : 0.
3:39 of 2nd period - Nate Thompson wins face-off versus Joe Pavelski in neutral zone.
4:07 of 2nd period - Shot by Milan Hejduk.
4:07 of 2nd period - Stopped by Craig Anderson without a rebound.
4:08 of 2nd period - Olli Jokinen wins face-off versus Kris Draper in RedWings zone.
4:15 of 2nd period - Shot by Robert Lang.
4:15 of 2nd period - Shot Misses the Net.
4:17 of 2nd period - Shot by Brian Willsie.
4:17 of 2nd period - Deflect By Olli Jokinen.
4:17 of 2nd period - Goal by Olli Jokinen - Wild : 2 - RedWings : 0.
4:18 of 2nd period - Robert Lang wins face-off versus Marty Reasoner in neutral zone.
5:14 of 2nd period - Shot by Daniel Alfredsson.
5:14 of 2nd period - Shot Blocked by Brian Campbell.
5:16 of 2nd period - Shot by Joe Pavelski.
5:16 of 2nd period - Stopped by Craig Anderson without a rebound.
5:17 of 2nd period - Olli Jokinen wins face-off versus Mike Cammalleri in RedWings zone.
6:24 of 2nd period - Shot by Ray Whitney.
6:24 of 2nd period - Deflect By Travis Zajac.
6:24 of 2nd period - Stopped by Ilya Bryzgalov with a rebound.
6:48 of 2nd period - Zach Parise is hit by Joe Pavelski and loses puck.
6:52 of 2nd period - Minor Penalty to Daniel Alfredsson for Hooking.
6:53 of 2nd period - Mike Cammalleri wins face-off versus Rob Niedermayer in Wild zone.
7:15 of 2nd period - Icing by Ryan Getzlaf.
7:16 of 2nd period - Chris Drury wins face-off versus Ryan Getzlaf in RedWings zone.
7:29 of 2nd period - Shot by Brian Campbell.
7:29 of 2nd period - Shot Misses the Net.
7:31 of 2nd period - Shot by Ryan Getzlaf.
7:31 of 2nd period - Shot Blocked by Michal Rozsival.
8:11 of 2nd period - Icing by Paul Martin.
8:12 of 2nd period - Chris Drury wins face-off versus Travis Zajac in RedWings zone.
8:17 of 2nd period - Shot by Joe Pavelski.
8:17 of 2nd period - Shot Blocked by Paul Martin.
8:54 of 2nd period - Martin St. Louis is hit by Kris Draper.
9:12 of 2nd period - Shot by Martin St. Louis.
9:12 of 2nd period - Stopped by Craig Anderson without a rebound.
9:13 of 2nd period - Joe Pavelski wins face-off versus Travis Zajac in RedWings zone.
9:20 of 2nd period - Shot by Martin St. Louis.
9:20 of 2nd period - Deflect By Milan Hejduk.
9:20 of 2nd period - Shot Blocked by Travis Zajac.
9:42 of 2nd period - Minor Penalty to Michal Rozsival for Hooking.
9:43 of 2nd period - Ryan Getzlaf wins face-off versus Chris Drury in Wild zone.
12:05 of 2nd period - Shot by Martin St. Louis.
12:05 of 2nd period - Stopped by Craig Anderson without a rebound.
12:06 of 2nd period - Rob Niedermayer wins face-off versus Marty Reasoner in RedWings zone.
12:16 of 2nd period - Minor Penalty to Stephane Yelle for Roughing.
12:17 of 2nd period - Travis Zajac wins face-off versus Rob Niedermayer in Wild zone.
12:18 of 2nd period - Shot by Colin White.
12:18 of 2nd period - Shot Misses the Net.
12:22 of 2nd period - Shot by Travis Zajac.
12:22 of 2nd period - Shot Misses the Net.
12:24 of 2nd period - Shot by Brett Clark.
12:24 of 2nd period - Shot Misses the Net.
12:26 of 2nd period - Shot by Brett Clark.
12:26 of 2nd period - Shot Misses the Net.
12:28 of 2nd period - Shot by Colin White.
12:28 of 2nd period - Shot Misses the Net.
12:32 of 2nd period - Shot by Travis Zajac.
12:32 of 2nd period - Shot Blocked by Michal Rozsival.
12:38 of 2nd period - Shot by Travis Zajac.
12:38 of 2nd period - Deflect By Ray Whitney.
12:38 of 2nd period - Shot Misses the Net.
12:40 of 2nd period - Shot by Brett Clark.
12:40 of 2nd period - Stopped by Ilya Bryzgalov without a rebound.
12:41 of 2nd period - Chris Drury wins face-off versus Ryan Getzlaf in Wild zone.
13:32 of 2nd period - Shot by Jean-Pierre Dumont.
13:32 of 2nd period - Stopped by Ilya Bryzgalov with a rebound.
13:34 of 2nd period - Shot by Brett Clark.
13:34 of 2nd period - Shot Misses the Net.
13:36 of 2nd period - Shot by Ray Whitney.
13:36 of 2nd period - Goal by Ray Whitney - Wild : 2 - RedWings : 1.
13:37 of 2nd period - Joe Pavelski wins face-off versus Marty Reasoner in neutral zone.
14:02 of 2nd period - Shot by Joe Pavelski.
14:02 of 2nd period - Shot Misses the Net.
14:04 of 2nd period - Shot by Joe Pavelski.
14:04 of 2nd period - Deflect By Martin St. Louis.
14:04 of 2nd period - Stopped by Craig Anderson without a rebound.
14:05 of 2nd period - Joe Pavelski wins face-off versus Ryan Getzlaf in RedWings zone.
15:14 of 2nd period - Shot by Ray Whitney.
15:14 of 2nd period - Stopped by Ilya Bryzgalov without a rebound.
15:15 of 2nd period - Chris Drury wins face-off versus Marty Reasoner in Wild zone.
15:33 of 2nd period - Icing by Alexei Ponikarovsky.
15:34 of 2nd period - Chris Drury wins face-off versus Nate Thompson in Wild zone.
15:43 of 2nd period - Shot by Alexei Ponikarovsky.
15:43 of 2nd period - Shot Blocked by Marty Reasoner.
15:46 of 2nd period - Minor Penalty to Brendan Witt for Hooking.
15:47 of 2nd period - Olli Jokinen wins face-off versus Marty Reasoner in RedWings zone.
16:06 of 2nd period - Shot by Olli Jokinen.
16:06 of 2nd period - Shot Blocked by Marty Reasoner.
16:08 of 2nd period - Shot by Daniel Alfredsson.
16:08 of 2nd period - Stopped by Craig Anderson with a rebound.
16:37 of 2nd period - Icing by Ryan Whitney.
16:38 of 2nd period - Joe Pavelski wins face-off versus Nate Thompson in Wild zone.
16:50 of 2nd period - Minor Penalty to Michal Rozsival for Roughing.
16:51 of 2nd period - Ryan Getzlaf wins face-off versus Chris Drury in Wild zone.
17:29 of 2nd period - Icing by Ray Whitney.
17:30 of 2nd period - Joe Pavelski wins face-off versus Ryan Getzlaf in RedWings zone.
19:24 of 2nd period - Shot by Marty Reasoner.
19:24 of 2nd period - Deflect By Matt Moulson.
19:24 of 2nd period - Shot Misses the Net.
19:26 of 2nd period - Shot by Nate Thompson.
19:26 of 2nd period - Stopped by Ilya Bryzgalov without a rebound.
19:27 of 2nd period - Chris Drury wins face-off versus Ryan Getzlaf in Wild zone.

Period #3

0:01 of 3rd period - Travis Zajac wins face-off versus Daniel Alfredsson in neutral zone.
0:01 of 3rd period - Travis Zajac is hit by Alexei Ponikarovsky.
0:29 of 3rd period - Minor Penalty to Alexei Ponikarovsky for Hooking.
0:30 of 3rd period - Ryan Getzlaf wins face-off versus Rob Niedermayer in Wild zone.
0:31 of 3rd period - Shot by Mike Cammalleri.
0:31 of 3rd period - Stopped by Ilya Bryzgalov without a rebound.
0:32 of 3rd period - Rob Niedermayer wins face-off versus Ryan Getzlaf in Wild zone.
0:49 of 3rd period - Shot by Ryan Getzlaf.
0:49 of 3rd period - Stopped by Ilya Bryzgalov without a rebound.
0:50 of 3rd period - Rob Niedermayer wins face-off versus Travis Zajac in Wild zone.
0:50 of 3rd period - Rob Niedermayer is hit by Travis Zajac.
1:40 of 3rd period - Shot by Zach Parise.
1:40 of 3rd period - Stopped by Ilya Bryzgalov with a rebound.
1:42 of 3rd period - Shot by Keith Yandle.
1:42 of 3rd period - Shot Blocked by Jan Hejda.
1:44 of 3rd period - Shot by Mike Cammalleri.
1:44 of 3rd period - Deflect By Zach Parise.
1:44 of 3rd period - Stopped by Ilya Bryzgalov without a rebound.
1:45 of 3rd period - Chris Drury wins face-off versus Ryan Getzlaf in Wild zone.
3:19 of 3rd period - Minor Penalty to Travis Zajac for Hooking.
3:20 of 3rd period - Marty Reasoner wins face-off versus Olli Jokinen in RedWings zone.
3:20 of 3rd period - Marty Reasoner is hit by Olli Jokinen.
3:30 of 3rd period - Shot by Alexei Ponikarovsky.
3:30 of 3rd period - Stopped by Craig Anderson without a rebound.
3:31 of 3rd period - Kris Draper wins face-off versus Olli Jokinen in RedWings zone.
4:09 of 3rd period - Shot by Joe Pavelski.
4:09 of 3rd period - Shot Misses the Net.
4:11 of 3rd period - Shot by Mark Eaton.
4:11 of 3rd period - Stopped by Craig Anderson without a rebound.
4:12 of 3rd period - Joe Pavelski wins face-off versus Marty Reasoner in RedWings zone.
4:25 of 3rd period - Shot by Joe Pavelski.
4:25 of 3rd period - Shot Blocked by Colin White.
4:29 of 3rd period - Shot by Milan Hejduk.
4:29 of 3rd period - Stopped by Craig Anderson with a rebound.
4:31 of 3rd period - Shot by Martin St. Louis.
4:31 of 3rd period - Shot Blocked by Colin White.
5:01 of 3rd period - Chris Drury is hit by Mike Cammalleri and loses puck.
5:38 of 3rd period - Shot by Rob Niedermayer.
5:38 of 3rd period - Shot Misses the Net.
5:40 of 3rd period - Shot by Brian Willsie.
5:40 of 3rd period - Shot Misses the Net.
5:42 of 3rd period - Shot by Stephane Yelle.
5:42 of 3rd period - Shot Blocked by Brian Campbell.
5:50 of 3rd period - Shot by Michal Rozsival.
5:50 of 3rd period - Stopped by Craig Anderson with a rebound.
5:52 of 3rd period - Shot by Stephane Yelle.
5:52 of 3rd period - Stopped by Craig Anderson with a rebound.
5:54 of 3rd period - Shot by Stephane Yelle.
5:54 of 3rd period - Stopped by Craig Anderson without a rebound.
5:55 of 3rd period - Marty Reasoner wins face-off versus Chris Drury in RedWings zone.
6:14 of 3rd period - Shot by Marty Reasoner.
6:14 of 3rd period - Shot Blocked by Daniel Alfredsson.
6:36 of 3rd period - Jean-Pierre Dumont is hit by Alexei Ponikarovsky and loses puck.
6:46 of 3rd period - Shot by Ray Whitney.
6:46 of 3rd period - Stopped by Ilya Bryzgalov without a rebound.
6:47 of 3rd period - Joe Pavelski wins face-off versus Jean-Pierre Dumont in Wild zone.
7:00 of 3rd period - Shot by Jean-Pierre Dumont.
7:00 of 3rd period - Shot Misses the Net.
7:02 of 3rd period - Shot by Travis Zajac.
7:02 of 3rd period - Shot Misses the Net.
7:04 of 3rd period - Shot by Travis Zajac.
7:04 of 3rd period - Deflect By Ray Whitney.
7:04 of 3rd period - Shot Misses the Net.
7:06 of 3rd period - Shot by Travis Zajac.
7:06 of 3rd period - Stopped by Ilya Bryzgalov without a rebound.
7:07 of 3rd period - Ryan Getzlaf wins face-off versus Rob Niedermayer in Wild zone.
7:09 of 3rd period - Minor Penalty to Aaron Ward for Hooking.
7:10 of 3rd period - Ryan Getzlaf wins face-off versus Rob Niedermayer in Wild zone.
7:43 of 3rd period - Shot by Zach Parise.
7:43 of 3rd period - Shot Misses the Net.
9:03 of 3rd period - Minor Penalty to Matt Moulson for High sticking.
9:04 of 3rd period - Chris Drury wins face-off versus Marty Reasoner in RedWings zone.
9:09 of 3rd period - Shot by Michal Rozsival.
9:09 of 3rd period - Stopped by Craig Anderson without a rebound.
9:10 of 3rd period - Marty Reasoner wins face-off versus Joe Pavelski in RedWings zone.
9:10 of 3rd period - Marty Reasoner is hit by Milan Hejduk.
9:17 of 3rd period - Icing by Martin St. Louis.
9:18 of 3rd period - Marty Reasoner wins face-off versus Joe Pavelski in Wild zone.
9:24 of 3rd period - Off-side.
9:25 of 3rd period - Marty Reasoner wins face-off versus Olli Jokinen in neutral zone.
9:46 of 3rd period - Shot by Daniel Alfredsson.
9:46 of 3rd period - Shot Misses the Net.
11:03 of 3rd period - Shot by Daniel Alfredsson.
11:03 of 3rd period - Shot Misses the Net.
11:06 of 3rd period - Minor Penalty to Stephane Yelle for Tripping.
11:07 of 3rd period - Travis Zajac wins face-off versus Chris Drury in Wild zone.
12:53 of 3rd period - Shot by Brett Clark.
12:53 of 3rd period - Shot Misses the Net.
12:55 of 3rd period - Shot by Brett Clark.
12:55 of 3rd period - Shot Blocked by Jan Hejda.
13:50 of 3rd period - Icing by Colin White.
13:51 of 3rd period - Travis Zajac wins face-off versus Joe Pavelski in RedWings zone.
14:06 of 3rd period - Shot by Brett Clark.
14:06 of 3rd period - Stopped by Ilya Bryzgalov without a rebound.
14:07 of 3rd period - Chris Drury wins face-off versus Nate Thompson in Wild zone.
14:20 of 3rd period - Shot by Chris Drury.
14:20 of 3rd period - Shot Hit the Post.
14:22 of 3rd period - Shot by Chris Drury.
14:22 of 3rd period - Deflect By Daniel Alfredsson.
14:22 of 3rd period - Stopped by Craig Anderson with a rebound.
14:24 of 3rd period - Shot by Chris Drury.
14:24 of 3rd period - Stopped by Craig Anderson without a rebound.
14:25 of 3rd period - Matt Moulson wins face-off versus Joe Pavelski in RedWings zone.
14:50 of 3rd period - Shot by Milan Hejduk.
14:50 of 3rd period - Deflect By Joe Pavelski.
14:50 of 3rd period - Stopped by Craig Anderson without a rebound.
14:51 of 3rd period - Nate Thompson wins face-off versus Chris Drury in RedWings zone.
14:51 of 3rd period - Paul Martin is hit by Alexei Ponikarovsky and loses puck.
15:31 of 3rd period - Icing by Mark Eaton.
15:32 of 3rd period - Daniel Alfredsson wins face-off versus Travis Zajac in Wild zone.
16:04 of 3rd period - Minor Penalty to Colin White for Hooking.
16:05 of 3rd period - Joe Pavelski wins face-off versus Zach Parise in RedWings zone.
16:12 of 3rd period - Shot by Milan Hejduk.
16:12 of 3rd period - Stopped by Craig Anderson without a rebound.
16:13 of 3rd period - Marty Reasoner wins face-off versus Olli Jokinen in RedWings zone.
18:55 of 3rd period - Paul Martin is hit by Michal Rozsival and loses puck.
19:24 of 3rd period - RedWings, Craig Anderson is pulled from the net.
19:46 of 3rd period - Icing by Travis Zajac.
19:47 of 3rd period - Craig Anderson from RedWings was sent back in the game.
19:47 of 3rd period - Travis Zajac wins face-off versus Joe Pavelski in RedWings zone.
19:47 of 3rd period - Travis Zajac is hit by Joe Pavelski.
19:55 of 3rd period - RedWings, Craig Anderson is pulled from the net.


Output by the SimonT Hockey Simulator (STHS) for Stephane Roy -- Original Page W3C XHTML 1.0 Valid